 Dungeon Crawl Stone Soup version 0.18-a0-1773-gec4f98e (webtiles) character file.

112931 dobroeutro the Warrior (level 16, -23/97 HPs)
             Began as a Gargoyle Fighter on Apr 14, 2016.
             Was the Champion of Okawaru.
             Killed from afar by a fire giant (44 damage)
             ... with a fireball
             ... on level 14 of the Dungeon.
             The game lasted 00:49:50 (19761 turns).

dobroeutro the Warrior (Gargoyle Fighter)          Turns: 19761, Time: 00:49:51

Health: -23/97     AC: 52    Str: 33    XL:     16   Next: 61%
Magic:  0/20       EV: 12    Int:  8    God:    Okawaru [******]
Gold:   1630       SH: 24    Dex:  9    Spells: 0 memorised, 15 levels left

rFire  . . .     SeeInvis .     S - +6 eveningstar (flame)
rCold  . . .     Gourm    .     o - +1 crystal plate armour
rNeg   + . .     Faith    .     i - +0 large shield
rPois  ∞         Spirit   +     j - +0 hat {Spirit}
rElec  +         Dismiss  +     M - +0 cloak {MR+}
rCorr  .         Reflect  .     u - +2 pair of gloves {Str+3}
SustAt .         Harm     .     P - +2 pair of boots {run}
MR     ++...                    y - amulet of dismissal
Stlth  ..........               e - +3 ring of evasion
                                z - +3 ring of protection

@: heroism, flying, quick, very resistant to hostile enchantments, extremely
unstealthy
A: big wings, horns 1, talons 1, molten scales 1, blink, dopey 1, frail 1,
negative energy resistance 1, electricity resistance, strong 2, wild magic 1,
unbreathing, petrification resistance, no device heal 1, rot immunity, AC +11
a: Stop Flying, Blink, Heroism, Finesse, Renounce Religion


You were on level 14 of the Dungeon.
You worshipped Okawaru.
Okawaru was exalted by your worship.
You were hungry.

You visited 2 branches of the dungeon, and saw 22 of its levels.

You collected 1630 gold pieces.

Inventory:

Hand Weapons
 S - a +6 eveningstar of flaming (weapon)
Armour
 i - a +0 large shield (worn)
 j - a +0 hat of spirit shield (worn)
 o - a +1 crystal plate armour (worn)
 u - a +2 pair of gloves of strength (worn)
 M - a +0 cloak of magic resistance (worn)
 P - a +2 pair of boots of running (worn)
Rods
 R - a +0 rod of ignition (13/13)
   (You found it on level 11 of the Dungeon)
Jewellery
 e - a +3 ring of evasion (right hand)
 x - an uncursed ring of see invisible {unknown}
 y - an amulet of dismissal (around neck)
 z - a +3 ring of protection (left hand)
 G - an uncursed ring of fire
 W - an uncursed ring of ice
 X - an uncursed amulet of harm {unknown}
Wands
 c - a wand of paralysis (16/24)
 g - a wand of slowing (26/48)
 l - a wand of lightning (8/15)
 r - a wand of digging (12/24)
 K - a wand of polymorph (12/24)
 Q - a wand of flame (48/48)
Scrolls
 d - a scroll of acquirement {unknown}
 k - a scroll of identify
 m - 3 scrolls of fog
 p - 11 scrolls of teleportation
 q - 11 scrolls of remove curse
 s - 3 scrolls of recharging
 H - 5 scrolls of magic mapping
 O - a scroll of enchant armour
 Y - 2 scrolls of blinking
Potions
 b - 3 potions of haste
 h - 8 potions of agility
 w - 8 potions of curing
 C - 2 potions of resistance
 D - a potion of cure mutation
 L - a potion of heal wounds
 U - 2 potions of invisibility
Comestibles
 a - 8 beef jerkies
 f - 11 bread rations
 n - 5 chunks of flesh
 v - 9 fruits
 A - 7 meat rations
 E - 7 slices of pizza


   Skills:
 * Level 15.0(20.0) Fighting
 * Level 13.7(18.7) Maces & Flails
 + Level 14.3(19.3) Armour
 + Level 5.0(10.0) Dodging
 + Level 14.3(19.3) Shields
 + Level 5.6 Invocations


You had 15 spell levels left.
You didn't know any spells.

Dungeon Overview and Level Annotations

Branches:
Dungeon (14/15)            Temple (0/1) D:7            Lair (8/8) D:9
  Swamp (0/4) Lair:4       Spider (0/4) Lair:3        Slime (0/6) Lair:8
    Orc (0/2) D:10         Vaults (0/5) D:13

Altars:
Dithmenos
Elyvilon
Fedhas
Gozag
Kikubaaqudgha
Makhleb
Nemelex Xobeh
Okawaru
Pakellas
Ru
Sif Muna
Vehumet
Yredelemnul
The Shining One
Jiyva
Lugonu

Portals:
Hell: Lair:8


Innate Abilities, Weirdness & Mutations

You are resistant to torment.
Your stone body is resilient (AC +11).
You are immune to poison.
Your large and strong wings let you fly indefinitely.
You resist negative energy.
You are resistant to electric shocks.
You can survive without breathing.
You are immune to petrification.
You are immune to rotting.
You have a pair of small horns on your head.
You have sharp toenails.
You are partially covered in molten scales (AC +1).
You can translocate small distances at will.
You are dopey. (Int -2)
You are frail (-10% HP).
Your muscles are very strong. (Str +4)
Your spells are a little harder to cast, but a little more powerful.
Potions and wands are less effective at restoring your health.


Message History

The fire giant is heavily wounded.
Something hits you but does no damage.
The hippogriff is engulfed in a cloud of scalding steam.
You block the hippogriff's attack.
The hippogriff pecks you but does no damage.
You block the hippogriff's attack.
You puncture the fire giant!
The fire giant is heavily wounded.
The fire giant points at you and mumbles some strange words.
The bolt of fire hits you!
* * * LOW HITPOINT WARNING * * *
You beat the fire giant like a drum!!!
The fire giant is almost dead.
You are engulfed in a cloud of scalding steam.
Something barely misses you. You block the hippogriff's attack.
The hippogriff pecks you but does no damage.
You block the hippogriff's attack.
The fire giant gestures at you while chanting.
The fireball explodes!
The fireball engulfs you!
You die...

.#≈≈≈≈≈...≈≈≈≈≈#≈≈≈≈≈...≈≈≈≈≈#.#.
.#≈≈≈≈≈≈.;≈≈≈≈≈#≈≈≈≈≈≈.≈≈≈≈≈≈#.#.
.#######'#############'#######...
.#≈≈≈≈≈≈.≈≈≈≈≈≈#≈§≈≈≈≈.≈≈≈≈≈≈#.#.
.#≈≈≈≈≈...≈≈≈≈≈#≈≈§≈≈†).≈≈≈≈≈#.#.
.#≈≈≈≈.....≈≈≈≈#§§≈≈..)..≈≈≈≈#.#.
.#≈≈≈...(...≈≈≈#§≈≈.......≈≈≈#...
.#≈≈..⌠...⌠..≈≈#§≈..⌠...⌠..≈≈#.#.
.#≈.....[....a≈#@H..........≈#.#.
.#.....)⌠..(..a'C§....⌠......#.#.
.#≈...........≈#§§..........≈#.#.
.#≈≈..⌠...⌠..≈≈#≈≈..⌠...⌠..≈≈#.#.
.#≈≈≈..)....≈≈≈#≈≈≈.......≈≈≈#.#.
.#≈≈≈≈.....≈≈≈≈#≈≈≈≈.....≈≈≈≈#.#.
.#≈≈≈≈≈...≈≈≈≈≈#≈≈≈≈≈...≈≈≈≈≈#.#.
.#≈≈≈≈≈≈.≈≈≈≈≈≈#≈≈≈≈≈≈.≈≈≈≈≈≈#.#.
.#############################...


You could see a fire giant, a hippogriff and a worker ant.

Vanquished Creatures
  A sphinx (D:14)
  An azure jelly (Lair:8)
  Maud (Lair:6)
  The ghost of Ijustatesigmund the Grappler, a journeyman TrHu of Okawaru (D:10)
  A vault guard (D:13)
  3 hydras
  A centaur warrior (D:13)
  10 death yaks
  An ogre mage (D:14)
  A fire crab (Lair:8)
  6 hell knights (D:11)
  3 skeletal warriors (D:14)
  An unseen horror (D:13)
  2 wizards
  An orc knight (D:14)
  A lindwurm (Lair:8)
  5 hill giants
  3 griffons
  4 ugly things
  An octopode (shapeshifter) (D:14)
  2 cyclopes
  Joseph (D:7)
  15 elephants (Lair:8)
  10 black mambas
  2 centaur zombies
  Maurice (D:8)
  5 orange demons (Lair:8)
  3 centaur skeletons
  17 spiny frogs
  2 torpor snails
  10 komodo dragons
  6 rime drakes
  2 ice devils (Lair:8)
  4 kobold demonologists
  A hellwing (Lair:8)
  4 trolls
  2 jumping spiders (Lair:3)
  A polar bear (Lair:2)
  A giant leech (Lair:4)
  A two-headed ogre (D:12)
  6 blink frogs
  9 slime creatures
  A boulder beetle (Lair:6)
  5 shadows
  2 vampires
  2 redbacks (Lair:3)
  4 water elementals (D:14)
  2 wraiths
  2 wyverns
  3 basilisks
  Grum (D:9)
  26 yaks
  A human (shapeshifter) (D:14)
  4 hungry ghosts
  13 hippogriffs
  2 steam dragons
  5 vampire mosquitoes
  2 mottled dragons (D:14)
  8 swamp worms (Lair:7)
  A soldier ant (D:13)
  9 hell hounds
  8 porcupines
  A swamp drake (shapeshifter) (D:14)
  4 sky beasts
  12 water moccasins
  7 ice beasts
  2 orc warriors
  A necrophage (D:7)
  5 ogres
  An eye of draining (D:14)
  3 phantoms
  16 wolves
  2 black bears
  10 centaurs
  16 crocodiles
  5 big kobolds
  10 giant frogs
  A wyvern zombie (D:13)
  A gnoll sergeant (D:9)
  5 wyvern skeletons
  6 scorpions
  10 killer bees
  5 wights
  4 electric eels (D:14)
  A howler monkey (D:5)
  6 crimson imps
  A giant frog zombie (D:11)
  7 hounds
  5 jellies
  Crazy Yiuf (D:7)
  A gnoll shaman (D:6)
  3 giant frog skeletons
  6 orc wizards
  10 iguanas
  8 worker ants
  4 hell rats (Lair:3)
  20 sheep
  2 hound skeletons
  A howler monkey zombie (D:11)
  7 gnolls
  11 adders
  102 river rats
  A shadow imp (D:14)
  An adder zombie (D:6)
  15 worms
  4 dart slugs
  4 giant geckos
  41 orcs
  6 giant cockroaches
  8 goblins
  5 hobgoblins
  18 jackals
  2 quokkas
  3 ball pythons
  8 bats
  3 giant newts
  28 kobolds
  9 rats
733 creatures vanquished.

Vanquished Creatures (others)
  A necromancer (D:11)
  A scorpion (D:7)
  An electric eel (D:14)
  A jackal (D:4)
  A quokka (D:14)
  11 fungi
  14 plants
30 creatures vanquished.

Grand Total: 763 creatures vanquished

Notes
Turn   | Place    | Note
--------------------------------------------------------------
     0 | D:1      | dobroeutro the Gargoyle Fighter began the quest for the Orb.
     0 | D:1      | Reached XP level 1. HP: 14/14 MP: 1/1
    91 | D:1      | Reached XP level 2. HP: 19/19 MP: 2/2
   317 | D:1      | Reached XP level 3. HP: 23/23 MP: 3/3
   847 | D:2      | Reached XP level 4. HP: 28/29 MP: 4/4
  1072 | D:3      | Reached skill level 4 in Fighting
  1299 | D:3      | Reached XP level 5. HP: 7/33 MP: 2/5
  1453 | D:3      | Found a sparkling altar of Nemelex Xobeh.
  1453 | D:3      | Found an opulent altar of Gozag.
  1529 | D:3      | Found a sparkling altar of Nemelex Xobeh.
  2172 | D:4      | Noticed a hippogriff
  2224 | D:4      | Killed a hippogriff
  2224 | D:4      | Reached XP level 6. HP: 25/40 MP: 4/6
  2310 | D:4      | Found a radiant altar of Vehumet.
  2347 | D:4      | Reached skill level 5 in Fighting
  2347 | D:4      | Reached skill level 5 in Armour
  2575 | D:5      | Entered Level 5 of the Dungeon
  2611 | D:5      | Reached XP level 7. HP: 36/44 MP: 7/7
  2695 | D:5      | You fall through a shaft for 2 floors!
  2774 | D:6      | Found a basalt altar of Yredelemnul.
  2811 | D:6      | Found a blossoming altar of Fedhas.
  2816 | D:6      | Found an ancient bone altar of Kikubaaqudgha.
  2901 | D:5      | Reached skill level 5 in Shields
  3136 | D:5      | Found an oddly glowing altar of Pakellas.
  3141 | D:5      | Found a sacrificial altar of Ru.
  3142 | D:5      | Found a deep blue altar of Sif Muna.
  3142 | D:5      | Found an iron altar of Okawaru.
  3144 | D:5      | Found a shadowy altar of Dithmenos.
  3151 | D:5      | Became a worshipper of Warmaster Okawaru
  3435 | D:6      | Reached XP level 8. HP: 32/51 MP: 6/8
  3464 | D:6      | Found a white marble altar of Elyvilon.
  3496 | D:6      | Reached * piety under Okawaru
  3515 | D:6      | Reached skill level 6 in Fighting
  3611 | D:6      | Reached skill level 5 in Maces & Flails
  3918 | D:7      | Found a glowing golden altar of the Shining One.
  3925 | D:7      | Noticed a cyan ugly thing
  3937 | D:7      | Killed a cyan ugly thing
  3937 | D:7      | Reached ** piety under Okawaru
  3937 | D:7      | Reached XP level 9. HP: 50/56 MP: 5/9
  3973 | D:7      | Noticed Joseph
  3992 | D:7      | Reached skill level 7 in Fighting
  4026 | D:7      | Killed Joseph
  4026 | D:7      | Reached *** piety under Okawaru
  4246 | D:7      | Found a burning altar of Makhleb.
  4383 | D:7      | Reached **** piety under Okawaru
  4422 | D:7      | Noticed Crazy Yiuf
  4428 | D:7      | Killed Crazy Yiuf
  4547 | D:7      | Reached skill level 8 in Fighting
  4695 | D:7      | Found a staircase to the Ecumenical Temple.
  4821 | D:8      | Reached XP level 10. HP: 57/64 MP: 7/10
  4864 | D:8      | Noticed Maurice
  4872 | D:8      | Killed Maurice
  5416 | D:9      | Found a staircase to the Lair.
  5492 | D:9      | Reached ***** piety under Okawaru
  5585 | D:9      | Noticed Grum
  5590 | D:9      | Reached skill level 9 in Fighting
  5620 | D:9      | Killed Grum
  5620 | D:9      | Received a gift from Okawaru
  5637 | D:9      | Identified a +1 pair of boots of running (Okawaru gifted it to you on level 9 of the Dungeon)
  5808 | D:10     | Entered Level 10 of the Dungeon
  5902 | D:10     | Reached XP level 11. HP: 53/71 MP: 9/11
  5926 | D:10     | Noticed Ijustatesigmund's ghost (journeyman TrHu)
  5968 | D:10     | Killed Ijustatesigmund's ghost
  5968 | D:10     | Reached skill level 10 in Shields
  6034 | D:10     | Noticed a hill giant
  6285 | D:10     | Killed a hill giant
  6328 | D:10     | Reached skill level 10 in Armour
  6500 | D:10     | Found a staircase to the Orcish Mines.
  7040 | D:11     | Noticed a hill giant
  7046 | D:11     | HP: 3/72 [hill giant/giant club (25)]
  7639 | D:11     | Killed a hill giant
  7639 | D:11     | Reached skill level 10 in Fighting
  7926 | D:11     | Identified a +0 rod of ignition (13/13) (You found it on level 11 of the Dungeon)
  8396 | Lair:1   | Entered Level 1 of the Lair of Beasts
  8486 | Lair:1   | Received a gift from Okawaru
  8639 | Lair:1   | Noticed an eight-headed hydra
  8839 | Lair:1   | Killed an eight-headed hydra
  9033 | Lair:1   | Reached XP level 12. HP: 65/79 MP: 9/12
  9524 | Lair:2   | Gained mutation: You expend magic power (3 MP) to strengthen your wands. [potion of mutation]
  9524 | Lair:2   | Gained mutation: You are clumsy. (Dex -2) [potion of mutation]
  9524 | Lair:2   | Gained mutation: You have sharp toenails. [potion of mutation]
  9525 | Lair:2   | Gained mutation: Armour fits poorly on your strangely shaped body. [potion of mutation]
  9525 | Lair:2   | Gained mutation: You have a pair of small horns on your head. [potion of mutation]
  9525 | Lair:2   | Gained mutation: Your mind is acute. (Int +2) [potion of mutation]
  9604 | Lair:2   | Lost mutation: You are clumsy. (Dex -2) [potion of cure mutation]
  9604 | Lair:2   | Lost mutation: Your mind is acute. (Int +2) [potion of cure mutation]
  9604 | Lair:2   | Lost mutation: Armour fits poorly on your strangely shaped body. [potion of cure mutation]
  9604 | Lair:2   | Lost mutation: You have a pair of small horns on your head. [potion of cure mutation]
  9705 | Lair:2   | Reached skill level 10 in Maces & Flails
 10233 | Lair:3   | Reached skill level 11 in Fighting
 10770 | Lair:3   | Found a hole to the Spider Nest.
 10822 | Lair:3   | Received a gift from Okawaru
 11623 | Lair:4   | Found a staircase to the Swamp.
 12197 | Lair:5   | Noticed a six-headed hydra
 12302 | Lair:5   | Reached ****** piety under Okawaru
 12471 | Lair:6   | Reached XP level 13. HP: 85/85 MP: 13/13
 12748 | Lair:6   | Gained mutation: You are agile. (Dex +2) [potion of mutation]
 12748 | Lair:6   | Gained mutation: You are frail (-10% HP). [potion of mutation]
 12748 | Lair:6   | Gained mutation: You are partially covered in molten scales (AC +1). [potion of mutation]
 13079 | Lair:6   | Reached skill level 12 in Fighting
 13218 | Lair:6   | Received a gift from Okawaru
 13435 | Lair:7   | Noticed Maud
 13905 | Lair:6   | Killed Maud
 14429 | Lair:8   | Entered Level 8 of the Lair of Beasts
 14783 | Lair:8   | Gained mutation: Your large and strong wings let you fly indefinitely. [Gargoyle growth]
 14783 | Lair:8   | Reached XP level 14. HP: 75/82 MP: 14/14
 14845 | Lair:8   | Reached skill level 13 in Fighting
 14953 | Lair:8   | Received a gift from Okawaru
 14973 | Lair:8   | Reached skill level 1 in Dodging
 14987 | Lair:8   | Reached skill level 1 in Invocations
 15020 | Lair:8   | Got a distressingly furry plate armour {god gift}
 15031 | Lair:8   | Identified the +4 plate armour "Nekah" {rPois Stlth+} (Okawaru gifted it to you on level 8 of the Lair of Beasts)
 15285 | Lair:8   | Noticed an azure jelly
 15299 | Lair:8   | Killed an azure jelly
 15336 | Lair:8   | Found a viscous altar of Jiyva.
 15336 | Lair:8   | Found a staircase to the Slime Pits.
 15511 | Lair:8   | Got a shimmering war axe
 15539 | Lair:8   | Identified the +9 war axe of Gempooxe {vamp, rPois MR- Str+2} (You found it on level 8 of the Lair of Beasts)
 15707 | Lair:8   | Paralysed by a wizard for 7 turns
 15721 | Lair:8   | Found a burning altar of Makhleb.
 15820 | Lair:8   | Received a gift from Okawaru
 16071 | Lair:8   | Found a gateway to Hell.
 16478 | D:12     | Found a corrupted altar of Lugonu.
 16614 | D:11     | Gained mutation: Potions and wands are less effective at restoring your health. [mutagenic meat]
 16616 | D:11     | Gained mutation: Your spells are a little harder to cast, but a little more powerful. [mutagenic meat]
 16918 | D:11     | Reached skill level 14 in Fighting
 17091 | D:12     | Reached XP level 15. HP: 63/90 MP: 13/18
 17370 | D:12     | Received a gift from Okawaru
 17903 | D:13     | Found a gate to the Vaults.
 17979 | D:13     | Gained mutation: You can translocate small distances at will. [mutagenic meat]
 17980 | D:13     | Lost mutation: You are agile. (Dex +2) [mutagenic meat]
 17981 | D:13     | Gained mutation: Your body sometimes deteriorates upon taking damage. [mutagenic meat]
 17982 | D:13     | Gained mutation: Your muscles are strong. (Str +2) [mutagenic meat]
 17996 | D:13     | Reached XP level 16. HP: 96/96 MP: 19/19
 18162 | D:13     | Gained mutation: You have a pair of small horns on your head. [mutagenic meat]
 18180 | D:13     | Lost mutation: You expend magic power (3 MP) to strengthen your wands. [mutagenic meat]
 18598 | D:13     | Gained mutation: Your muscles are very strong. (Str +4) [mutagenic meat]
 18599 | D:13     | Lost mutation: Your body sometimes deteriorates upon taking damage. [mutagenic meat]
 18878 | D:14     | Received a gift from Okawaru
 18961 | D:14     | Reached skill level 5 in Invocations
 19023 | D:14     | Found a white marble altar of Elyvilon.
 19462 | D:14     | Gained mutation: You are dopey. (Int -2) [mutagenic meat]
 19612 | D:14     | Reached skill level 15 in Fighting
 19690 | D:14     | Reached skill level 5 in Dodging
 19719 | D:14     | Noticed a sphinx
 19743 | D:14     | Paralysed by a sphinx for 5 turns
 19756 | D:14     | Killed a sphinx
 19761 | D:14     | Killed from afar by a fire giant

Vault maps used:
D:1:      scummos_arrival_gate
D:3:      grunt_temple_overflow_opulence, nemelex_xobeh_ov_fountains_minmay
D:4:      fiery_altar_vehumet
D:5:      minitemple, first_bread
D:6:      kennysheep_ying_yang, grunt_temple_overflow_growth_and_decay
D:7:      kennysheep_mini, makhleb_blood_cavern_becter,
          lemuel_temple_firewalk_marked, serial_glass, glass_columns_b,
          glass_columns_a, uniq_joseph, uniq_crazy_yiuf_cottage
D:8:      uniq_maurice
D:9:      dpeg_lair_monsters, uniq_grum
D:10:     orc_0_dummy
D:11:     minmay_rotating_lava
D:12:     grunt_ogre_cave, nicolae_zen_rock_garden, tgw_lugonu_bribe
D:13:     david_vaults_5
D:14:     kennysheep_four_of_diamonds, elyvilon_altar_4
Lair:1:   grunt_megastairs_5
Lair:2:   lemuel_fruit_tree
Lair:3:   spider_nest_entry_funnel_web, st_stairs_4
Lair:4:   minmay_swamp_entry_worms
Lair:7:   worms_lemuel, uniq_maud
Lair:8:   evil_forest, slime_altar_1, infiniplex_staircase_pool_2,
          grunt_megastairs_3

Skill      XL: |  1  2  3  4  5  6  7  8  9 10 11 12 13 14 15 16 |
---------------+-------------------------------------------------+-----
Armour         | 4 5 7 8 9 10 12 13 14 | 14.3
Fighting       | 4 5 6 8 9 10 11 12 14 15 | 15.0
Shields        | 4 5 6 8 9 11 12 13 14 | 14.3
Maces & Flails | 3 4 5 7 8 9 11 12 13 | 13.7
Dodging        | 3 4 5 |  5.0
Invocations    | 4 5 |  5.6

Action                   |  1- 3 |  4- 6 |  7- 9 | 10-12 | 13-15 | 16-18 || total
-------------------------+-------+-------+-------+-------+-------+-------++-------
Melee: Flail             |   136 |   285 |   506 |  1082 |  1047 |       ||  3056
       Eveningstar       |       |       |       |       |   288 |   233 ||   521
       Headbutt          |       |       |       |       |       |    49 ||    49
Throw: Tomahawk          |       |       |       |     1 |       |       ||     1
Invok: Heroism           |       |       |     1 |     3 |     5 |     1 ||    10
       Finesse           |       |       |       |       |     2 |     1 ||     3
 Abil: Fly               |       |       |       |       |     1 |       ||     1
Evoke: Wand              |       |       |       |     5 |       |       ||     5
  Use: Scroll            |       |     2 |     1 |     9 |     2 |    18 ||    32
       Potion            |       |       |     1 |     3 |     3 |     2 ||     9
 Stab: Sleeping          |       |       |       |     2 |       |       ||     2
  Eat: Chunk             |       |     7 |     8 |    20 |    25 |     9 ||    69
       Meat ration       |       |       |       |     1 |       |     1 ||     2
       Beef jerky        |       |       |       |     1 |       |       ||     1
       Fruit             |       |       |       |       |     5 |       ||     5
       Bread ration      |       |       |       |       |     1 |       ||     1
       Royal jelly       |       |       |       |       |     1 |       ||     1
Armor: Scale mail        |    81 |   187 |   326 |   223 |       |       ||   817
       Crystal plate arm |       |       |       |   620 |   758 |   134 ||  1512
Dodge: Dodged            |    37 |    67 |   198 |   236 |   353 |    62 ||   953
Block: Shield            |    79 |   151 |   335 |   773 |   870 |    64 ||  2272
       Large shield      |       |       |       |       |       |   122 ||   122
